 Dungeon Crawl Stone Soup version 0.26-a0-663-g36e8fdb655 (webtiles) character file.

Game seed: 4948119665653545529

577134 jasper the Slayer (level 27, -13/309 HPs)
             Began as an Ogre Delver on Oct 12, 2020.
             Was the Champion of Ashenzari.
             Mangled by a death cob (15 damage)
             ... on level 2 of the Realm of Zot.
             The game lasted 02:21:32 (75125 turns).

jasper the Slayer (Ogre Delver)                    Turns: 75125, Time: 02:21:32

Health: -13/309    AC: 30    Str: 33    XL:     27
Magic:  23/23      EV: 18    Int: 14    God:    Ashenzari [******]
Gold:   740        SH:  4    Dex: 12    Spells: 11/26 levels left

rFire    + + .     SeeInvis +   i - +9 giant spiked club (vorpal) (curse)
rCold    x . .     Faith    .   (shield currently unavailable)
rNeg     + . .     Spirit   .   Y - +8 fire dragon scales (curse)
rPois    .         Reflect  .   K - +2 hat {MR+} (curse)
rElec    .         Harm     .   D - +2 cloak (curse)
rCorr    .         Rampage  .   (gloves unavailable)
MR       +++++     Clarity  +   (boots unavailable)
Stlth    ++........             A - amulet of regeneration (curse)
HPRegen  1.01/turn              q - ring of the Mage {Wiz MR++ Int+3} (curse)
MPRegen  0.18/turn              L - ring of Foolhardiness {+Inv rN+ Stlth+}

@: lethally poisoned (-13 -> -14), wereblooded, slowed, studying Armour, very
slow
A: large, unfitting armour, iridescent scales 1, large bone plates 1, molten
scales 1, agile 1, deformed body, screaming 1, tough skin 1
}: 3/15 runes: decaying, abyssal, gossamer
a: Curse Item, Scrying, Transfer Knowledge, Renounce Religion, Evoke
Invisibility


You were on level 2 of the Realm of Zot.
You worshipped Ashenzari.
Ashenzari was exalted by your worship.
You visited 11 branches of the dungeon, and saw 47 of its levels.
You visited the Abyss 2 times.
You also visited: Ice Cave.

You collected 6899 gold pieces.
You spent 6159 gold pieces at shops.

Inventory:

Hand Weapons
 i - a cursed +9 vorpal giant spiked club (weapon)
Missiles
 E - 67 large rocks (quivered)
 V - 28 curare-tipped darts
Armour
 D - a cursed +2 cloak (worn)
 K - a cursed +2 hat of magic resistance (worn)
 Y - cursed +8 fire dragon scales (worn)
Jewellery
 o - an uncursed ring of positive energy
 p - the ring of Disaster {+Fly rPois MP+9 Stlth+}
   (You found it on level 3 of the Elven Halls)

   [ring of magical power]

   It protects you from poison.
   It affects your magic capacity (+9).
   It lets you fly.
   It makes you more stealthy.
 q - the cursed ring of the Mage (left hand) {Wiz MR++ Int+3}
   (You took it off a deep elf knight on level 3 of the Elven Halls)

   [ring of wizardry]

   It improves your spell success rate.
   It affects your intelligence (+3).
   It affects your resistance to hostile enchantments.
   It has a curse placed upon it.
 A - a cursed amulet of regeneration (around neck)
 J - an uncursed ring of ice
 L - the ring of Foolhardiness (right hand) {+Inv rN+ Stlth+}
   (You found it on level 3 of the Elven Halls)

   [ring of stealth]

   It protects you from negative energy.
   It lets you turn invisible.
   It makes you more stealthy.
 M - an uncursed ring of resist corrosion
Wands
 a - a wand of polymorph (15)
 g - a wand of digging (24)
 v - a wand of enslavement (29)
 w - a wand of paralysis (9)
 z - a wand of flame (86)
 W - a wand of acid (35)
 Z - a wand of iceblast (6)
Scrolls
 c - 6 scrolls of fog
 e - 12 scrolls of fear
 j - a scroll of holy word
 k - 6 scrolls of silence
 l - 30 scrolls of teleportation
 r - 5 scrolls of magic mapping
 x - 17 scrolls of remove curse
 F - 33 scrolls of identify
 I - 4 scrolls of vulnerability
 Q - 7 scrolls of blinking
 R - 6 scrolls of immolation
 S - 2 scrolls of summoning
Potions
 b - 3 potions of brilliance
 f - 7 potions of haste
 m - 3 potions of cancellation
 n - 8 potions of stabbing
 s - 16 potions of curing
 t - a potion of magic
 u - 9 potions of heal wounds
 y - 3 potions of ambrosia
 B - 10 potions of lignification
 C - 3 potions of mutation
 H - 6 potions of flight
 N - 3 potions of might
 T - 7 potions of resistance
 U - 2 potions of berserk rage
Books
 X - a manual of Armour
Miscellaneous
 d - a box of beasts (3/3)
 h - a lightning rod (4/4)
 G - a phial of floods
 O - a condenser vane (inert)
 P - a tin of tremorstones (inert)


   Skills:
 + Level 24.1 Fighting
 - Level 17.2(22.2) Maces & Flails
 * Level 19.5 Throwing
 - Level 16.1(20.0) Armour
 - Level 16.1(20.0) Dodging
 - Level 3.7 Stealth
 - Level 3.0(5.5) Conjurations
 - Level 2.5(5.0) Hexes
 - Level 7.0(10.1) Translocations
 - Level 3.0(5.5) Transmutations
 - Level 7.0(10.1) Air Magic
 - Level 3.0(5.5) Earth Magic
 - Level 3.0(5.5) Poison Magic
 - Level 12.4(15.1) Evocations


You had 11 spell levels left.
You knew the following spells:

 Your Spells              Type           Power        Failure   Level
a - Swiftness             Air            ####....     1%          2
b - Passwall              Tmut/Erth      ###.....     2%          2
c - Blink                 Tloc           N/A          1%          2
d - Apportation           Tloc           ####..       1%          1
e - Wereblood             Tmut           ###.....     2%          2
f - Mephitic Cloud        Conj/Pois/Air  ###.....     3%          3
g - Portal Projectile     Hex/Tloc       ###...       2%          3

Your spell library contained the following spells:

 Spells                   Type           Power        Failure   Level
 Beastly Appendage        Tmut           ###...       1%          1
 Magic Dart               Conj           ###.         1%          1
 Sandblast                Erth           ###...       1%          1
 Shock                    Conj/Air       ###.         1%          1
 Sting                    Tmut/Pois      ###.         1%          1
 Poisonous Vapours        Pois/Air       ###...       1%          2
 Gell's Gravitas          Tloc           ####......   1%          3
 Corona                   Hex            ##.....      2%          1
 Searing Ray              Conj           ###...       2%          2
 Static Discharge         Conj/Air       ###.....     2%          3
 Corpse Rot               Necr/Air       N/A          3%          2
 Slow                     Hex            ##......     3%          2
 Airstrike                Air            ####......   3%          4
 Foxfire                  Conj/Fire      #...         6%          1
 Dazzling Flash           Conj/Hex       ##....       6%          3
 Spider Form              Tmut/Pois      ###.......   6%          3
 Stone Arrow              Conj/Erth      ###...       6%          3
 Confusing Touch          Hex            ##......     8%          3
 Tukima's Dance           Hex            ##......     8%          3
 Iskenderun's Mystic Bla  Conj/Tloc      ###.....     8%          4
 Ensorcelled Hibernation  Hex/Ice        #.....       10%         2
 Ignite Poison            Fire/Tmut/Pois ##......     12%         3
 Animate Skeleton         Necr           #.....       16%         1
 Freeze                   Ice            #...         16%         1
 Pain                     Necr           #...         16%         1
 Summon Small Mammal      Summ           #...         16%         1
 Conjure Flame            Conj/Fire      #.......     16%         3
 Inner Flame              Hex/Fire       #.......     19%         3
 Summon Guardian Golem    Hex/Summ       #.......     19%         3
 Olgreb's Toxic Radiance  Pois           ###.....     19%         4
 Petrify                  Tmut/Erth      ###.....     19%         4
 Fulminant Prism          Conj/Hex       ##........   21%         4
 Leda's Liquefaction      Hex/Erth       ##........   21%         4
 Summon Lightning Spire   Summ/Air       ##......     21%         4
 Lightning Bolt           Conj/Air       ###.......   21%         5
 Call Imp                 Summ           #.......     24%         2
 Cause Fear               Hex            ##........   24%         4
 Silence                  Hex/Air        ###.......   24%         5
 Dispersal                Tloc           ####......   41%         6
 Call Canine Familiar     Summ           #.......     43%         3
 Frozen Ramparts          Ice            #.....       43%         3
 Ozocubu's Armour         Ice            #.......     43%         3
 Vampiric Draining        Necr           #.........   43%         3
 Hailstorm                Conj/Ice       #.......     45%         4
 Ice Form                 Ice/Tmut       #.......     45%         4
 Blade Hands              Tmut           ###.......   45%         5
 Irradiate                Conj/Tmut      ###.......   45%         5
 Lee's Rapid Deconstruct  Erth           ###.......   45%         5
 Summon Forest            Summ/Tloc      ##........   50%         5
 Yara's Violent Unravell  Hex/Tmut       ##........   50%         5
 Borgnjor's Vile Clutch   Necr/Erth      #.........   80%         5
 Animate Dead             Necr           #.........   82%         4
 Summon Ice Beast         Ice/Summ       #.......     82%         4
 Metabolic Englaciation   Hex/Ice        #.........   83%         5
 Summon Mana Viper        Hex/Summ       #.......     83%         5
 Eringya's Noxious Bog    Tmut/Pois      ###.......   94%         6
 Hydra Form               Tmut           ###.......   94%         6
 Statue Form              Tmut/Erth      ###......    94%         6
 Agony                    Necr           #.......     98%         5
 Summon Demon             Summ           #.........   98%         5
 Shadow Creatures         Summ           N/A          100%        6
 Simulacrum               Ice/Necr       #.........   100%        6
 Dragon Form              Tmut           ###.......   100%        7
 Orb of Destruction       Conj           ###.......   100%        7
 Summon Hydra             Summ           #.........   100%        7
 Disjunction              Tloc           ####......   100%        8


Dungeon Overview and Level Annotations

Branches:
Dungeon (15/15)            Temple (1/1) D:6            Lair (6/6) D:11
  Swamp (4/4) Lair:4       Spider (4/4) Lair:3        Slime (1/5) Lair:5
    Orc (2/2) D:11            Elf (3/3) Orc:2        Vaults (4/5) D:14
  Crypt (0/3) Vaults:2     Depths (5/5) D:15            Zot (2/5) Depths:5
  IceCv (visited)

Altars:
Ashenzari
Cheibriados
Dithmenos
Elyvilon
Fedhas
Gozag
Hepliaklqana
Kikubaaqudgha
Makhleb
Nemelex Xobeh
Okawaru
Qazlal
Ru
Sif Muna
Trog
Uskayaw
Vehumet
Wu Jian
Xom
Yredelemnul
Zin
The Shining One
Beogh

Shops:
D:6 *   D:10 :   Orc:2 !}[?   Elf:2 ?   Vaults:1 !   Vaults:3 *   Vaults:4 :
Depths:4 *   Depths:5 *

Portals:
Hell: Depths:1 Depths:2 Depths:3 Depths:4 Depths:5
Abyss: Depths:1 Depths:2 Depths:3 Depths:4
Pandemonium: Depths:3
Ziggurat: Depths:4
Trove: D:12 (give +2 storm dragon scales)

Annotations:
D:5 Grinder
D:10 exclusion: skeletal warrior
D:11 2 runed translucent doors
D:12 2 transporters, Netaeli's ghost, journeyman SpVM
Lair:2 3 runed translucent doors, marklar909's ghost, journeyman FoAK
Lair:3 exclusion: oklob plant
Spider:4 1 runed translucent door, looop's ghost, adept DsIE
Elf:2 5 runed translucent doors
Elf:3 1 transporter, exclusion: 2 doors, Thatotherguy's ghost, veteran PaFi
Depths:3 1 runed translucent door, marklar909's ghost, master FoEE
Depths:4 8 runed translucent doors


Innate Abilities, Weirdness & Mutations

You are too large for most types of armour.
You have tough skin. (AC +1)
You are partially covered in iridescent scales. (AC +2)
You are partially covered in large bone plates. (SH +4)
You are partially covered in molten scales. (AC +2)
You are agile. (Dex +2)
Armour fits poorly on your strangely shaped body.
You occasionally shout uncontrollably at your foes.


Message History

* * * LOW HITPOINT WARNING * * *
The death cob drains your vigour!
You feel as though you will be slow longer.
The death cob hits you!!
* * * LOW HITPOINT WARNING * * *
The storm dragon breathes lightning at you.
The bolt of lightning misses you.
The death cob hits you but does no damage.
You take 33 damage, and have 25/309 hp.
Unknown command.
Unknown command.
You beat the storm dragon like a drum!!!
You kill the storm dragon!
The death cob hits you!!
* * * LOW HITPOINT WARNING * * *
The death cob drains your vigour!
You feel as though you will be slow longer.
The death cob hits you but does no damage.
The death cob hits you!
You die...

#..........# ##...##
#..........# #...## ##
#..######..# #..## ##. #..#
#..# #..# ##.. #..# #..# #..#
##... #..# #..# #..# #...#
#..# #..# #..######..##
#..######..######.....)....#
*..........d@..............#
*..........z....)))######..##
*..######..######..# #...#
*,,* #d.# #.)# ##... #,,*
#..# #..# ##.. #..######..#
#>.## ##. #..........# #...##
## #..........# ##...##
#..######).# *#.....##


You could see a green draconian (slow), a purple draconian and a death cob.

Vanquished Creatures
  An orb of fire (Zot:1)
  A juggernaut (Depths:5)
  Sojobo (Depths:4)
  Nikola (Vaults:3)
  A bone dragon (Depths:5)
  2 golden dragons
  the Enchantress (Depths:5)
  5 tentacled monstrosities
  4 liches
  Rupert (D:13)
  2 deep elf master archers (Elf:3)
  Asterion (D:15)
  2 quicksilver dragons
  4 deep elf blademasters (Elf:3)
  2 death cobs (Zot:2)
  2 tentacled starspawn (Abyss:3)
  Kirke (Elf:1)
  4 sphinxes
  2 thorn hunters
  4 shadow dragons
  4 tengu reavers
  Gastronok (Lair:3)
  5 storm dragons
  Donald (Spider:2)
  A draconian monk (Zot:2)
  10 deep elf sorcerers
  6 fire giants
  3 ghost moths (Spider:4)
  2 draconian knights (Zot:2)
  A draconian scorcher (Zot:2)
  An orc warlord (Vaults:4)
  3 iron dragons
  6 frost giants
  5 vault wardens
  3 deep elf elementalists
  Aizul (Spider:1)
  8 emperor scorpions
  2 draconian shifters (Zot:2)
  A balrug (Depths:2)
  A ghoul (Vaults:2)
  2 draconian annihilators (Zot:2)
  4 draconian stormcallers
  5 spriggan defenders
  12 ironheart preservers
  A war gargoyle (Depths:2)
  16 very ugly things
  A reaper (Depths:2)
  Nessos (D:15)
  3 vampire knights
  An entropy weaver (shapeshifter) (Vaults:3)
  19 stone giants
  7 entropy weavers
  2 deep elf demonologists
  A deep elf annihilator (Elf:3)
  9 black draconians
  9 green draconians
  Azrael (D:12)
  7 purple draconians
  4 red draconians
  9 spark wasps
  6 white draconians (Zot:2)
  6 ettins
  A dire elephant (D:15)
  4 yellow draconians
  8 deep elf death magi
  A blizzard demon (Depths:2)
  20 ogre magi
  A jiangshi (Vaults:2)
  12 yaktaur captains
  10 fire dragons
  9 great orbs of eyes
  11 ice dragons
  11 deep elf high priests
  A hell beast (Zot:2)
  Fannar (Lair:3)
  6 rakshasas
  3 vault guards
  A catoblepas (D:14)
  31 hydras
  8 spriggan air magi
  3 shambling mangroves
  4 boulder beetles
  11 centaur warriors
  9 alligators
  4 death knights
  2 ghost crabs
  53 two-headed ogres
  5 deep troll shamans
  10 deep troll earth magi
  A hell hog (Abyss:3)
  2 orc high priests
  16 tengu warriors
  12 dancing weapons
  12 spriggan berserkers
  A thrashing horror (Abyss:3)
  3 small abominations
  16 deep elf knights
  3 sun demons (Depths:2)
  5 hell knights (Depths:4)
  5 wretched stars (Abyss:3)
  3 iron trolls
  3 soul eaters (Depths:2)
  A spatial maelstrom (Abyss:3)
  18 skeletal warriors
  3 shadow wraiths
  A fire crab (shapeshifter) (Vaults:2)
  Sonja (D:13)
  A quicksilver dragon simulacrum (Depths:2)
  A golden dragon zombie (Depths:4)
  2 spriggan druids (Swamp:3)
  4 unseen horrors
  18 deep trolls
  15 swamp dragons
  6 glowing orange brains
  A lindwurm (Lair:6)
  An unseen horror (shapeshifter) (Vaults:1)
  7 flayed ghosts
  A phantasmal warrior (Vaults:4)
  A swamp dragon (shapeshifter) (Depths:2)
  20 deep elf archers
  4 wizards
  19 orc knights
  32 wolf spiders
  12 ironbrand convokers
  45 deep elf magi
  5 harpies (Vaults:2)
  6 necromancers
  2 oklob plants (D:11)
  A human zombie (Vaults:2)
  A manticore (D:14)
  2 orc sorcerers
  35 ugly things
  8 cyclopes
  A faun (shapeshifter) (Vaults:4)
  A sphinx skeleton (Depths:4)
  16 orb spiders
  7 moths of wrath
  5 vault sentinels
  6 elephants
  Maurice (D:11)
  A spriggan zombie (Depths:4)
  An ice statue (Depths:2)
  A salamander (D:15)
  8 rust devils (Depths:2)
  2 black mambas (shapeshifter)
  A guardian serpent (shapeshifter) (Elf:3)
  A smoke demon (Abyss:3)
  19 cane toads
  2 black mambas
  6 torpor snails
  A gargoyle (D:14)
  5 spectral swamp worms (Depths:1)
  Psyche (D:9)
  2 rime drakes
  10 komodo dragons
  11 freezing wraiths
  2 kobold demonologists (D:12)
  2 efreet (Depths:2)
  33 yaktaurs
  12 demonic crawlers
  4 ice devils (Depths:2)
  An ancient zyme (Abyss:3)
  2 hellwings (Abyss:2)
  A meliai (shapeshifter) (Depths:3)
  4 meliai (Abyss:3)
  4 tengu conjurers
  10 tyrant leeches
  A queen bee (Abyss:3)
  8 trolls
  2 red devils (Depths:2)
  32 jumping spiders
  A polar bear (shapeshifter) (Depths:4)
  3 polar bears
  7 blink frogs
  27 slime creatures
  A stone giant simulacrum (Vaults:2)
  33 hornets
  16 bog bodies
  6 dream sheep
  7 shadows
  2 air elementals
  A spriggan (shapeshifter) (Elf:1)
  16 spriggans
  5 large abominations
  90 redbacks
  A vampire (D:12)
  2 flying skulls (Depths:2)
  6 wraiths
  3 wyverns
  A yak (shapeshifter) (Depths:1)
  35 tarantellas
  Grum (D:9)
  4 fire elementals
  3 water elementals
  4 fire bats (Lair:4)
  A golden eye (shapeshifter) (Depths:2)
  A hog (shapeshifter) (Depths:4)
  35 yaks
  3 hogs (Elf:1)
  2 steam dragons (Lair:6)
  10 basilisks
  A death yak simulacrum (IceCv)
  8 vampire mosquitoes
  A yaktaur simulacrum (Vaults:1)
  7 wargs
  4 spatial vortices (Abyss:3)
  16 swamp worms
  18 insubstantial wisps
  9 acid dragons
  13 water moccasins
  6 hell hounds
  8 black bears
  49 orc warriors
  A black bear (shapeshifter) (D:13)
  5 sky beasts
  8 ice beasts
  4 ettin simulacra
  9 swamp drakes
  An eye of draining (D:8)
  An ice beast (shapeshifter) (Vaults:1)
  68 ogres
  7 starcursed masses (Abyss:3)
  An eye of draining (shapeshifter) (D:14)
  A phantom (D:14)
  2 necrophages
  36 centaurs
  6 boggarts
  29 wolves
  3 elf zombies (Elf:1)
  2 big kobolds
  17 bullfrogs
  A gnoll sergeant (D:9)
  2 earth elementals
  7 scorpions
  A wyvern skeleton (D:10)
  A water moccasin zombie (D:9)
  6 killer bees (D:8)
  28 wights
  2 howler monkeys
  5 electric eels
  6 centaur zombies
  A lava snake (Lair:4)
  A quasit (Depths:3)
  A bullfrog zombie (D:9)
  A human simulacrum (Vaults:3)
  5 jellies
  7 hounds
  A centaur skeleton (D:8)
  21 orc priests
  A gnoll shaman (Temple)
  20 orc wizards
  8 iguanas
  A yak simulacrum (Lair:2)
  4 polar bear simulacra
  10 worker ants
  A killer bee zombie (D:7)
  6 wolf simulacra
  A hound zombie (D:8)
  2 worker ant zombies
  A howler monkey zombie (D:8)
  15 adders
  17 gnolls
  A shadow imp (D:8)
  6 white imps
  2 ufetubi
  4 oozes
  An ooze (shapeshifter) (Vaults:4)
  An adder skeleton (D:10)
  5 adder zombies
  2 worms
  2 dart slugs
  6 leopard geckos
  69 orcs
  8 giant cockroaches
  2 goblins (D:1)
  14 hobgoblins
  2 jackals (D:8)
  18 kobolds
  5 quokkas
  7 bats
  5 frilled lizards
  A jackal zombie (D:7)
  A leopard gecko skeleton (D:8)
  A leopard gecko zombie (D:5)
  2 quokka zombies
  7 rats
  3 river rat simulacra (Lair:2)
  3 briar patches (Swamp:4)
  A plant (Lair:6)
  3 starspawn tentacles (Abyss:3)
2090 creatures vanquished.

Vanquished Creatures (collateral kills)
  Snorg (Lair:3)
  A wolf (Lair:3)
2 creatures vanquished.

Vanquished Creatures (others)
  A yaktaur captain (Vaults:3)
  An ogre mage (Depths:1)
  A great orb of eyes (Vaults:3)
  A dancing weapon (Elf:1)
  A deep troll earth mage (Depths:1)
  A quicksilver dragon simulacrum (Depths:2)
  An oklob plant (Lair:3)
  A yaktaur (Vaults:3)
  A hornet (Depths:5)
  A human (Elf:1)
  A spriggan (Swamp:4)
  A water elemental (Elf:2)
  A centaur skeleton (D:12)
  3 orcs (D:12)
  A kobold (D:14)
  4 bushes
  19 fungi
  152 plants
  4 starspawn tentacles (Abyss:3)
  3 withered plants
199 creatures vanquished.

Grand Total: 2291 creatures vanquished

Notes
Turn   | Place    | Note
-------+----------+-------------------------------------------
     0 | D:5      | jasper the Ogre Delver began the quest for the Orb.
     0 | D:5      | Reached XP level 1. HP: 24/24 MP: 1/1
   245 | D:5      | Noticed an ogre
   261 | D:5      | Killed an ogre
   261 | D:5      | Reached skill level 5 in Fighting
   261 | D:5      | Reached XP level 2. HP: 35/35 MP: 2/2
   261 | D:5      | Reached XP level 3. HP: 42/42 MP: 3/3
   261 | D:5      | Reached XP level 4. HP: 50/50 MP: 4/4
   336 | D:5      | Reached XP level 5. HP: 57/57 MP: 5/5
   360 | D:5      | Noticed Grinder
  1422 | D:2      | You fall into a shaft and drop 2 floors!
  2493 | D:3      | You fall into a shaft and drop 3 floors!
  3097 | D:3      | Reached XP level 6. HP: 53/67 MP: 6/6
  3553 | D:3      | Reached skill level 6 in Fighting
  3978 | D:4      | Noticed a phantom
  4028 | D:4      | Gained mutation: You are agile. (Dex +2) [potion of
                  | mutation]
  4028 | D:4      | Gained mutation: You are weak. (Str -2) [potion of
                  | mutation]
  4028 | D:4      | Gained mutation: You are frail. (-10% HP) [potion of
                  | mutation]
  4028 | D:4      | Gained mutation: You are partially covered in iridescent
                  | scales. (AC +2) [potion of mutation]
  4087 | D:3      | Reached skill level 5 in Maces & Flails
  4909 | D:6      | Found a staircase to the Ecumenical Temple.
  4919 | Temple   | Entered the Ecumenical Temple
  4922 | Temple   | Became a worshipper of Ashenzari the Shackled
  4957 | D:6      | Found Eduineri's Assorted Antiques.
  4975 | D:6      | Reached XP level 7. HP: 54/68 MP: 7/7
  4988 | D:6      | Bought a wand of paralysis (6) for 46 gold pieces
  4988 | D:6      | Bought a potion of curing for 69 gold pieces
  4988 | D:6      | Bought a scroll of teleportation for 69 gold pieces
  5288 | D:6      | Reached skill level 7 in Fighting
  5759 | D:6      | Reached skill level 1 in Evocations
  5784 | D:6      | Reached XP level 8. HP: 78/78 MP: 8/8
  6193 | Temple   | Lost mutation: You are frail. (-10% HP) [potion of
                  | mutation]
  6193 | Temple   | Lost mutation: You are weak. (Str -2) [potion of mutation]
  6193 | Temple   | Gained mutation: You occasionally shout uncontrollably at
                  | your foes. [potion of mutation]
  6193 | Temple   | Gained mutation: You are partially covered in large bone
                  | plates. (SH +4) [potion of mutation]
  6193 | Temple   | Gained mutation: You are partially covered in molten
                  | scales. (AC +2) [potion of mutation]
  6462 | D:7      | Reached skill level 8 in Fighting
  6591 | D:7      | Reached * piety under Ashenzari
  6627 | D:7      | Found an opulent altar of Gozag.
  7275 | D:7      | Reached XP level 9. HP: 97/97 MP: 9/9
  7746 | D:8      | Noticed a two-headed ogre
  7760 | D:8      | Killed a two-headed ogre
  7760 | D:8      | Reached skill level 9 in Fighting
  8320 | D:8      | Reached ** piety under Ashenzari
  8430 | D:8      | Found a basalt altar of Yredelemnul.
  8656 | D:8      | Reached skill level 10 in Fighting
  8838 | D:8      | Reached XP level 10. HP: 103/110 MP: 10/10
  8935 | D:8      | Noticed a two-headed ogre
  8948 | D:8      | Killed a two-headed ogre
  8948 | D:8      | Reached skill level 10 in Maces & Flails
  8948 | D:8      | Reached skill level 5 in Evocations
 10055 | D:9      | Noticed Psyche
 10077 | D:9      | Killed Psyche
 10137 | D:9      | Reached skill level 11 in Fighting
 10484 | D:9      | Noticed Grum
 10507 | D:9      | Killed Grum
 11059 | D:10     | Entered Level 10 of the Dungeon
 11409 | D:10     | Reached XP level 11. HP: 45/119 MP: 11/11
 11957 | D:10     | Noticed a skeletal warrior
 12118 | D:10     | Reached *** piety under Ashenzari
 12349 | D:10     | Found Bazu's Book Shoppe.
 12850 | D:11     | Noticed a four-headed hydra
 12948 | D:11     | Noticed a cyclops
 12957 | D:11     | Killed a cyclops
 13214 | D:11     | Killed a four-headed hydra
 13214 | D:11     | Reached skill level 12 in Fighting
 13243 | D:11     | Noticed Maurice
 13249 | D:11     | Killed Maurice
 13357 | D:11     | Found a staircase to the Orcish Mines.
 13403 | D:11     | Found a runed translucent door.
 13513 | D:11     | Found a runed translucent door.
 13530 | D:11     | Noticed an oklob plant
 13573 | D:11     | Reached **** piety under Ashenzari
 13693 | D:11     | Noticed an oklob plant
 14316 | D:12     | Noticed a cyclops
 14317 | D:12     | Noticed a deep elf mage
 14544 | D:11     | Found a staircase to the Lair.
 14561 | D:11     | Killed an oklob plant
 14674 | D:11     | Killed an oklob plant
 14764 | Lair:1   | Entered Level 1 of the Lair of Beasts
 14788 | Lair:1   | Reached XP level 12. HP: 122/132 MP: 12/12
 14963 | Lair:1   | Found a frozen archway.
 14971 | IceCv    | Entered an ice cave
 14978 | IceCv    | Reached skill level 13 in Fighting
 15644 | IceCv    | Reached skill level 1 in Armour
 16034 | Lair:1   | Found a hide-covered altar of Uskayaw.
 16576 | Lair:1   | Reached ***** piety under Ashenzari
 17084 | Lair:2   | Reached XP level 13. HP: 127/144 MP: 13/13
 17140 | Lair:2   | Found a runed translucent gate.
 17140 | Lair:2   | Found a runed translucent gate.
 17140 | Lair:2   | Found a runed translucent gate.
 17141 | Lair:2   | Noticed marklar909's ghost (journeyman FoAK)
 18120 | Lair:3   | Reached skill level 5 in Dodging
 18313 | Lair:3   | Noticed Fannar
 18339 | Lair:3   | Killed Fannar
 18399 | Lair:3   | Noticed Snorg
 18440 | Lair:3   | Killed Snorg
 18858 | Lair:3   | Noticed Gastronok
 18871 | Lair:3   | Killed Gastronok
 18957 | Lair:3   | Identified the +2 helmet of Sin {rPois MR+++ Dex-5 Stlth+}
 18961 | Lair:3   | Found a hole to the Spider Nest.
 19151 | Lair:4   | Found a staircase to the Swamp.
 19341 | Lair:4   | Reached skill level 15 in Maces & Flails
 20058 | Lair:4   | Identified the cursed +2 spear of the Sage {venom, rElec
                  | Dex+4}
 21000 | Lair:5   | Found a staircase to the Slime Pits.
 21548 | Lair:6   | Entered Level 6 of the Lair of Beasts
 21579 | Lair:6   | Reached XP level 14. HP: 132/153 MP: 14/14
 22506 | Slime:1  | Entered Level 1 of the Pits of Slime
 22655 | Lair:6   | Found a runed translucent door.
 23120 | Lair:6   | Paralysed by a hornet for 3 turns
 23543 | Lair:6   | Paralysed by a hornet for 1 turns
 24540 | Lair:6   | Reached ****** piety under Ashenzari
 24544 | Lair:6   | Identified the +5 scale mail "Vowielo" {-Tele Str+6 Dex+4}
 24856 | Orc:1    | Entered Level 1 of the Orcish Mines
 25411 | Orc:2    | Entered Level 2 of the Orcish Mines
 25411 | Orc:2    | Found a staircase to the Elven Halls.
 25473 | Orc:2    | Reached skill level 1 in Throwing
 26023 | Orc:1    | Reached skill level 14 in Fighting
 26457 | Orc:1    | Noticed a stone giant
 26461 | Orc:1    | Killed a stone giant
 26701 | Orc:1    | Reached skill level 5 in Armour
 26924 | Orc:2    | Found Piyph's Distillery.
 26924 | Orc:2    | Found Ygytivvio's Gadget Emporium.
 26928 | Orc:2    | Found Nimm's Antique Armour Emporium.
 26928 | Orc:2    | Found Pimo's Magic Scroll Shop.
 26953 | Orc:1    | Reached XP level 15. HP: 44/163 MP: 15/15
 28053 | Orc:2    | Bought 2 scrolls of enchant weapon for 240 gold pieces
 28054 | Orc:2    | Bought a condenser vane (2/2) for 240 gold pieces
 28054 | Orc:2    | Bought a tin of tremorstones (3/3) for 480 gold pieces
 28055 | Orc:2    | Bought a potion of heal wounds for 60 gold pieces
 28055 | Orc:2    | Bought a potion of heal wounds for 60 gold pieces
 28055 | Orc:2    | Bought a potion of heal wounds for 60 gold pieces
 28055 | Orc:2    | Bought 2 potions of curing for 72 gold pieces
 28055 | Orc:2    | Bought a potion of haste for 120 gold pieces
 28057 | Orc:2    | Bought a scroll of blinking for 120 gold pieces
 28057 | Orc:2    | Bought 3 scrolls of blinking for 360 gold pieces
 28057 | Orc:2    | Bought a scroll of immolation for 56 gold pieces
 28057 | Orc:2    | Bought a scroll of teleportation for 48 gold pieces
 28057 | Orc:2    | Bought a scroll of teleportation for 48 gold pieces
 28057 | Orc:2    | Bought a scroll of summoning for 152 gold pieces
 28471 | D:12     | Found a portal to a secret trove of treasure.
 28561 | D:12     | Found a transporter.
 28571 | D:12     | Noticed Netaeli's ghost (journeyman SpVM)
 28585 | D:12     | Found a transporter.
 28590 | D:12     | Identified the +2 helmet "Quqaixkiny" {+Inv}
 28744 | D:12     | Reached skill level 5 in Throwing
 28927 | D:13     | Noticed Azrael
 29094 | D:12     | Killed Azrael
 29778 | D:13     | Noticed Rupert
 29780 | D:13     | Reached skill level 15 in Fighting
 29790 | D:13     | Killed Rupert
 30146 | D:13     | Noticed Sonja
 30154 | D:13     | Killed Sonja
 31109 | D:14     | Found a gate to the Vaults.
 31158 | D:14     | Reached skill level 16 in Fighting
 31158 | D:14     | Reached XP level 16. HP: 180/180 MP: 16/16
 31643 | D:14     | Reached XP level 17. HP: 135/189 MP: 17/17
 32147 | D:15     | Entered Level 15 of the Dungeon
 32386 | D:15     | Reached skill level 17 in Fighting
 32677 | D:15     | Noticed Nessos
 32679 | D:15     | Killed Nessos
 32866 | D:15     | Learned a level 2 spell: Swiftness
 33559 | D:15     | Found a staircase to the Depths.
 33928 | D:6      | Bought a scroll of teleportation for 69 gold pieces
 33928 | D:6      | Bought a scroll of teleportation for 69 gold pieces
 33928 | D:6      | Bought a scroll of remove curse for 69 gold pieces
 33928 | D:6      | Bought a scroll of enchant weapon for 172 gold pieces
 33928 | D:6      | Bought a scroll of fear for 80 gold pieces
 34171 | Swamp:1  | Entered Level 1 of the Swamp
 37147 | Swamp:3  | Reached skill level 18 in Fighting
 37291 | Swamp:3  | Learned a level 2 spell: Passwall
 37583 | Swamp:3  | Reached skill level 1 in Air Magic
 38188 | Swamp:4  | Entered Level 4 of the Swamp
 38220 | Swamp:4  | Reached XP level 18. HP: 196/204 MP: 18/18
 39388 | Swamp:4  | Reached skill level 10 in Dodging
 41492 | Swamp:4  | Got a decaying rune of Zot
 41600 | Spider:1 | Entered Level 1 of the Spider Nest
 41769 | Vaults:1 | Entered Level 1 of the Vaults
 41780 | Vaults:1 | Reached skill level 5 in Air Magic
 41806 | Vaults:1 | HP: 9/205 [deep troll[an ironheart preserver] (9)]
 43296 | Vaults:1 | Reached skill level 10 in Throwing
 43598 | Vaults:1 | Found Norujen's Distillery.
 43606 | Vaults:1 | Bought a potion of resistance for 150 gold pieces
 43606 | Vaults:1 | Bought 2 potions of curing for 90 gold pieces
 43606 | Vaults:1 | Bought a potion of cancellation for 120 gold pieces
 43684 | Vaults:1 | Learned a level 2 spell: Blink
 43705 | Vaults:1 | Reached skill level 1 in Translocations
 44139 | Vaults:1 | Reached XP level 19. HP: 163/214 MP: 12/19
 44904 | Elf:1    | Entered Level 1 of the Elven Halls
 44921 | Elf:1    | Reached skill level 19 in Fighting
 45405 | Elf:1    | Noticed Kirke
 45412 | Elf:1    | Reached skill level 10 in Armour
 45418 | Elf:1    | Killed Kirke
 45467 | Elf:1    | Reached skill level 5 in Translocations
 45858 | Elf:1    | Identified the Handbook of Cobwebs
 46267 | Elf:2    | Found Usouz's Magic Scroll Boutique.
 46333 | Elf:2    | Bought a scroll of enchant weapon for 127 gold pieces
 46333 | Elf:2    | Bought a scroll of enchant weapon for 127 gold pieces
 46333 | Elf:2    | Bought a scroll of enchant weapon for 127 gold pieces
 46628 | Elf:3    | Entered Level 3 of the Elven Halls
 47015 | Elf:2    | Found a huge runed translucent gate.
 47015 | Elf:2    | Found a huge runed translucent gate.
 47015 | Elf:2    | Found a huge runed translucent gate.
 47017 | Elf:2    | Found a huge runed translucent gate.
 47017 | Elf:2    | Found a huge runed translucent gate.
 47107 | Elf:3    | Found a transporter.
 47111 | Elf:3    | Identified the amulet "Asiaz" {Inacc Str+3 SInv}
 47112 | Elf:3    | Noticed Thatotherguy's ghost (veteran PaFi)
 48404 | Elf:3    | Reached XP level 20. HP: 98/226 MP: 20/20
 49279 | Elf:3    | Identified the +4 lajatang of Loohyale {antimagic, rC++
                  | Str+9}
 49503 | Elf:3    | Identified the +1 robe of Decompression {Dex+2}
 49504 | Elf:3    | Identified the +2 scale mail of the Trilobite {-Tele Harm
                  | rF+++ Str+2}
 49504 | Elf:3    | Identified the ring of Larit {Str+3 Int+6 Dex+6}
 49504 | Elf:3    | Identified the ring of Disaster {+Fly rPois MP+9 Stlth+}
 49504 | Elf:3    | Identified the +5 quarterstaff of Typn {holy, rC+++ rN+
                  | Str-5 Int-3}
 49504 | Elf:3    | Identified the +2 shadow dragon scales of Tomorrow {rF+ rN+
                  | Stlth++++}
 49505 | Elf:3    | Reached skill level 20 in Fighting
 49517 | Elf:3    | Identified the ring of Foolhardiness {+Inv rN+ Stlth+}
 49555 | Elf:3    | Identified the ring of the Two Names {+Fly Int+4}
 49565 | Elf:3    | Identified the Incunabulum of Shifting Ice
 49577 | Elf:3    | Identified Tauts's Reference Book on Battle Magic
 50047 | Lair:3   | Learned a level 1 spell: Apportation
 50241 | Lair:3   | Learned a level 2 spell: Wereblood
 50245 | Lair:3   | Learned a level 3 spell: Mephitic Cloud
 50566 | Spider:1 | Reached skill level 1 in Conjurations
 50570 | Spider:1 | Reached skill level 1 in Transmutations
 50570 | Spider:1 | Reached skill level 1 in Earth Magic
 50571 | Spider:1 | Reached skill level 1 in Poison Magic
 50694 | Spider:1 | Noticed Aizul
 50702 | Spider:1 | Killed Aizul
 51943 | Spider:2 | Found a roughly hewn altar of Beogh.
 52566 | Spider:3 | Noticed Donald
 52578 | Spider:2 | Killed Donald
 53474 | Spider:3 | Reached XP level 21. HP: 235/237 MP: 21/21
 53828 | Spider:4 | Entered Level 4 of the Spider Nest
 54508 | Spider:4 | Got a gossamer rune of Zot
 54679 | Spider:4 | Found a runed translucent door.
 54681 | Spider:4 | Noticed looop's ghost (adept DsIE)
 55497 | Vaults:2 | Found a staircase to the Crypt.
 55523 | Vaults:2 | Reached skill level 21 in Fighting
 56670 | Vaults:2 | Reached XP level 22. HP: 223/252 MP: 22/22
 57334 | Vaults:3 | Reached skill level 10 in Evocations
 57335 | Vaults:3 | Noticed Nikola
 57344 | Vaults:3 | Killed Nikola
 57878 | Vaults:3 | Found Rics's General Store.
 57914 | Vaults:3 | Bought a scroll of summoning for 190 gold pieces
 59968 | Vaults:4 | Found Banacoki's Book Boutique.
 60396 | Depths:1 | Entered Level 1 of the Depths
 60425 | Depths:1 | Noticed Asterion
 60435 | D:15     | Killed Asterion
 60555 | D:15     | Reached XP level 23. HP: 249/261 MP: 23/23
 60800 | Depths:1 | Found a gateway to Hell.
 61164 | Depths:1 | Identified a scroll of acquirement
 61170 | Depths:1 | Acquired a manual of Armour
 61453 | Depths:1 | Found a one-way gate to the infinite horrors of the Abyss.
 62292 | Depths:2 | Found an ancient bone altar of Kikubaaqudgha.
 62656 | Depths:2 | Found a hide-covered altar of Uskayaw.
 62793 | Depths:2 | Noticed a golden dragon
 62818 | Depths:2 | Found a basalt altar of Yredelemnul.
 62818 | Depths:2 | HP: 11/262 [deep elf high priest/damnation (22)]
 63517 | Depths:2 | Identified the +4 plate armour of Pato {rN+}
 63540 | Depths:2 | Reached skill level 22 in Fighting
 63587 | Depths:2 | Reached skill level 15 in Throwing
 63892 | Depths:2 | Cast into level 3 of the Abyss (tengu warrior)
 63892 | Abyss:3  | Found a corrupted altar of Lugonu.
 63929 | Abyss:3  | Paralysed by accursed screaming for 2 turns
 63956 | Abyss:3  | Identified the +11 hunting sling "Grim" {venom, *Corrode
                  | rPois Str+3}
 63961 | Depths:2 | Escaped the Abyss
 64342 | Depths:2 | Reached XP level 24. HP: 274/274 MP: 23/23
 64416 | Depths:2 | Found a snail-covered altar of Cheibriados.
 66174 | Depths:3 | Found a one-way gate leading to the halls of Pandemonium.
 66426 | Depths:3 | Reached XP level 25. HP: 284/284 MP: 23/23
 66466 | Depths:3 | Found a runed translucent door.
 66467 | Depths:3 | Noticed marklar909's ghost (master FoEE)
 67986 | Depths:4 | Found a large runed translucent door.
 67990 | Depths:4 | Found a large runed translucent door.
 67991 | Depths:4 | Found a large runed translucent door.
 67991 | Depths:4 | Found a large runed translucent door.
 67991 | Depths:4 | Found a large runed translucent door.
 67991 | Depths:4 | Found a large runed translucent door.
 67992 | Depths:4 | Identified the +5 long sword of a bazaar {flame, *Drain
                  | MP+9 Str+8 Dex+7}
 68022 | Depths:4 | Noticed Sojobo
 68045 | Depths:4 | Killed Sojobo
 68048 | Depths:4 | Found Ritram's General Store.
 68084 | Depths:4 | Reached skill level 15 in Armour
 68431 | Depths:4 | Found a gateway to a ziggurat.
 68451 | Depths:4 | Reached skill level 15 in Dodging
 68621 | Depths:4 | Found a large runed translucent door.
 68861 | Depths:4 | Found a large runed translucent door.
 69301 | Vaults:4 | Bought a book of the Warp for 2070 gold pieces
 69305 | Vaults:4 | Learned a level 3 spell: Portal Projectile
 69663 | Depths:5 | Entered Level 5 of the Depths
 69682 | Depths:5 | Reached skill level 1 in Hexes
 69701 | Depths:5 | Reached skill level 23 in Fighting
 69948 | Depths:5 | Reached XP level 26. HP: 285/296 MP: 23/23
 70769 | Depths:5 | Found a gate to the Realm of Zot.
 70770 | Depths:5 | Identified the +1 robe of the Buccaneer {+Blink Int-4
                  | Dex+6}
 70885 | Depths:5 | Found Pagyber's Book Boutique.
 70885 | Depths:5 | Found Athio's Assorted Antiques.
 71164 | Depths:5 | Bought a scroll of teleportation for 126 gold pieces
 71164 | Depths:5 | Bought a potion of curing for 126 gold pieces
 71164 | Depths:5 | Bought a scroll of fear for 147 gold pieces
 71316 | Depths:5 | Noticed the Enchantress
 71335 | Depths:5 | Killed the Enchantress
 71428 | Depths:5 | Noticed a juggernaut
 71433 | Depths:5 | Killed a juggernaut
 71737 | Depths:4 | Voluntarily entered the Abyss.
 71844 | Abyss:3  | Got an abyssal rune of Zot
 71861 | Abyss:3  | Found a corrupted altar of Lugonu.
 71956 | Abyss:3  | Found a shimmering altar of Xom.
 71956 | Abyss:3  | Found a shimmering altar of Xom.
 71957 | Abyss:3  | Found a shimmering altar of Xom.
 71957 | Abyss:3  | Found a shimmering altar of Xom.
 71957 | Abyss:3  | Found a shimmering altar of Xom.
 71957 | Abyss:3  | Found a corrupted altar of Lugonu.
 71957 | Abyss:3  | Found a shimmering altar of Xom.
 71958 | Abyss:3  | Found a shimmering altar of Xom.
 71958 | Abyss:3  | Found a shimmering altar of Xom.
 71959 | Abyss:3  | Found a shimmering altar of Xom.
 71959 | Abyss:3  | Found a shimmering altar of Xom.
 71960 | Abyss:3  | Found a shimmering altar of Xom.
 71971 | Depths:4 | Escaped the Abyss
 72029 | Zot:1    | Entered Level 1 of the Realm of Zot
 73265 | Zot:2    | Noticed an orb of fire
 73269 | Zot:2    | Gained mutation: Armour fits poorly on your strangely
                  | shaped body. [an orb of fire]
 73275 | Zot:1    | Killed an orb of fire
 74321 | Zot:2    | Reached XP level 27. HP: 263/308 MP: 23/23
 74413 | Zot:2    | HP: 2/308 [black draconian/bolt of lightning (45)]
 74866 | Zot:2    | Reached skill level 24 in Fighting
 75125 | Zot:2    | HP: 2/309 [death cob (24)]
 75125 | Zot:2    | Mangled by a death cob

Illustrated notes

Levels and vault maps discovered:
D:1:      lemuel_arrival_behind_the_door_small, layout_basic
D:2:      layout_basic, lightli_corner_chamber, uniq_crazy_yiuf_cottage
D:3:      layout_rooms
D:4:      minmay_diamond_boxcup, layout_cave_pools, gammafunk_ghost_smash
D:5:      layout_loops_ring, basic_altar, nicolae_ossuary_entry_plus,
          uniq_grinder
D:6:      layout_gridville, minmay_temple_entry_offerings, serial_shops,
          nicolae_shop_crystal
D:7:      layout_loops_ring, grunt_gozag_statues, serial_undead,
          serial_undead_e, serial_undead_a, serial_undead_f, serial_undead_a
D:8:      kennysheep_windowed_halls, layout_basic, basic_altar
D:9:      layout_grid_maze, uniq_psyche, uniq_grum
D:10:     layout_stronghold, serial_shops, nicolae_shop_stone
D:11:     cheibrodos_histonic, layout_long_grid, dpeg_oklobed_lair, uniq_maurice
D:12:     layout_rooms, gammafunk_ghost_berserking_beasts,
          nicolae_trove_entry_crystal, fountainhead
D:13:     layout_roguey, uniq_sonja, uniq_azrael, uniq_rupert
D:14:     layout_gridville, david_vaults_5, hangedman_abyss_or_decor_stabs
D:15:     hangedman_depths_entry_try_elsewhere_first, layout_layer_cave,
          minmay_door_square, hex_large, uniq_nessos
Temple:   dpeg_three_leaves_temple
Lair:1:   layout_chaotic_city, basic_altar, serial_forest,
          infiniplex_forest_corner_2, infiniplex_forest_end_1,
          infiniplex_forest_lined_corner, infiniplex_forest_straight_2,
          infiniplex_forest_clump_long, infiniplex_forest_clump_medium,
          infiniplex_forest_straight_5, portal_ice_cave_entry_pillars_1
Lair:2:   layout_loops_ring, ebering_ghost_rock_garden, eino_house_with_fridge
Lair:3:   layout_chaotic_city, nicolae_spider_entry_non_spiders, uniq_gastronok,
          uniq_snorg, uniq_fannar
Lair:4:   layout_gridlike, swamp_mist, grunt_megastairs_4, serial_bayou_shore_a
Lair:5:   layout_cave_shapes, minmay_slime_entry_pillars, lemuel_fruit_tree
Lair:6:   guppyfry_lair_end_dragon, layout_hall_layers, wormcave, serial_forest,
          infiniplex_forest_straight_3, infiniplex_forest_clump_cross,
          infiniplex_forest_lined_2, infiniplex_forest_end_2,
          infiniplex_forest_lined_2, infiniplex_forest_straight_4,
          infiniplex_forest_straight_3, infiniplex_forest_corner_2,
          nicolae_quartered_pool_super
Swamp:1:  layout_falls_marsh, evilmike_swamp_ruin_house_2, swamp_pool1
Swamp:2:  layout_falls_marsh, evilmike_swamp_ruin_rubble_1
Swamp:3:  layout_basic_swamp, nicolae_swamp_round_clearing
Swamp:4:  swamp_basic_johnstein, layout_basic_swamp, swamp_pool1,
          hangedman_swamp_dais
Spider:1: nicolae_spider_hall_of_the_moth_king, uniq_aizul
Spider:2: nicolae_spider_mines_2
Spider:3: layout_spider_delve, drop_trap, uniq_donald
Spider:4: grunt_spider_rune_circles, gammafunk_ghost_grave
Slime:1:  layout_caves, cheibrodos_slime_lost_civilization_7
Orc:1:    cheibrodos_orc_bank, layout_caves
Orc:2:    st_orc_ogre_mass, layout_caves
Elf:1:    eino_elf_arrival_the_gate, layout_rooms, minmay_elf_necromancy,
          uniq_kirke
Elf:2:    layout_rooms, serial_shops, shop_fountains
Elf:3:    minmay_elf_hall_circle, layout_geoelf_castle,
          gammafunk_ghost_berserking_beasts
Vaults:1: hangedman_vaults_locks, dpeg_vaults_monster_box, vaults_mumra_hex,
          hangedman_vaults_stitches, hangedman_vaults_unwind,
          vaults_room_large_hall, v_pattern_2, nicolae_vaults_specimen_jars,
          vaults_room_stairs_pillars, ontoclasm_vaults_decontamination,
          ontoclasm_vaults_shuriken, ontoclasm_vaults_pinch,
          layout_vaults_omnicross, serial_shops, shop_statue
Vaults:2: minmay_crypt_entry_simple_corners, nicolae_vaults_little_squares_5,
          vaults_mumra_hexcomb, grunt_vaults_bifocal, vaults_room_large_hall,
          nicolae_vaults_network_quinsquares
          [nicolae_vaults_network_quincunx_subvault,
          nicolae_vaults_network_quincunx_subvault,
          nicolae_vaults_network_quincunx_subvault,
          nicolae_vaults_network_quincunx_subvault], ontoclasm_vaults_ligature,
          nicolae_vaults_little_ls, nicolae_vaults_little_squares_5, v_rooms_5,
          ontoclasm_vaults_fault, ontoclasm_vaults_hangar,
          nicolae_vaults_big_ls, v_misc_24, serial_ice_g,
          nicolae_vaults_display_case, v_pattern_5, v_misc_16,
          layout_vaults_maze_snakey
Vaults:3: nicolae_vaults_little_squares_3, nicolae_vaults_three_branches,
          vaults_room_mumra_shop_pool, layout_vaults_omnigrid, uniq_nikola
Vaults:4: v_pattern_1, nicolae_vaults_twisting_passages,
          nicolae_vaults_bisected_slash, special_room_vaults [special_room_orc],
          vaults_standard_mumra_lines, nicolae_vaults_what_the_h,
          ontoclasm_vaults_chip, nicolae_vaults_ninety_degrees,
          ontoclasm_vaults_ring_small, ontoclasm_vaults_loading_screen,
          layout_vaults_big_room, serial_shops, nicolae_shop_trees
Depths:1: layout_honeycomb, abyss_entry, pf_hell_entry_tar_river,
          minmay_fractal_squares_diagonal_5, uniq_asterion
Depths:2: grunt_profane_halls [grunt_profane_temple_coc,
          grunt_profane_temple_dis, grunt_profane_temple_tar,
          grunt_profane_temple_geh, grunt_profane_loot], hell_entry,
          serial_shops, abyss_entry
Depths:3: minmay_isolated_rectangles_in_corner, layout_long_grid,
          serial_sigils_hangedman_clutch, gammafunk_ghost_grave,
          grunt_hell_entry_dis_mu, abyss_entry_small_statue_room,
          grunt_pan_entry_in_and_out
Depths:4: minmay_five_octagons, layout_cross, enter_ziggurat_e,
          nicolae_water_bricks, serial_shops, nicolae_shop_behind_doors,
          hell_entry, abyss_entry, infiniplex_staircase_zigzag_1, uniq_sojobo
Depths:5: grunt_twist_and_shout, layout_basic, hell_entry, glass_columns_a,
          st_stairs_14, minmay_shoptagon, uniq_enchantress
Zot:1:    layout_gridville
Zot:2:    layout_concentric_octagons

Skill      XL: |  1  2  3  4  5  6  7  8  9 10 11 12 13 14 15 16 17 18 19 20 21 22 23 24 25 26 27 |
---------------+----------------------------------------------------------------------------------+-----
Fighting       | 5 6 7 8 10 11 12 13 14 16 18 19 20 21 22 23 24 | 24.1
Maces & Flails | 3 4 5 6 8 9 11 12 13 15 17 | 17.2
Evocations     | 1 3 4 5 7 9 12 | 12.4
Dodging        | 4 5 6 7 8 9 10 11 12 13 14 15 16 | 16.1
Armour         | 3 4 5 6 7 8 9 10 11 12 13 14 15 16 | 16.1
Throwing       | 3 6 9 10 11 12 13 15 16 17 19 | 19.5
Air Magic      | 1 7 |  7.0
Translocations | 2 7 |  7.0
Conjurations   | 3 |  3.0
Transmutations | 3 |  3.0
Earth Magic    | 3 |  3.0
Poison Magic   | 3 |  3.0
Hexes          | 2 |  2.5
Stealth        | |  3.7

Action                   |  1- 3 |  4- 6 |  7- 9 | 10-12 | 13-15 | 16-18 | 19-21 | 22-24 | 25-27 || total
-------------------------+-------+-------+-------+-------+-------+-------+-------+-------+-------++-------
Melee: Mace              |    17 |       |       |       |       |       |       |       |       ||    17
       Giant spiked club |       |   269 |   202 |   529 |   949 |   769 |  1054 |   959 |   556 ||  5287
Throw: Javelin           |       |     4 |       |       |       |       |       |       |       ||     4
       Boomerang         |       |    26 |    86 |   101 |   121 |       |       |       |       ||   334
       Stone             |       |     2 |       |       |    16 |       |       |       |       ||    18
       Large rock        |       |       |       |     3 |    16 |   105 |   198 |   129 |   146 ||   597
 Cast: Apportation       |       |       |       |       |       |       |    14 |     6 |     1 ||    21
       Wereblood         |       |       |       |       |       |       |    14 |    21 |    17 ||    52
       Swiftness         |       |       |       |       |       |       |     1 |     1 |       ||     2
       Blink             |       |       |       |       |       |       |     1 |       |       ||     1
       Mephitic Cloud    |       |       |       |       |       |       |     2 |     2 |       ||     4
Invok: Curse Item        |       |     1 |     1 |     1 |     1 |     1 |     2 |       |       ||     7
 Abil: Evoke Invisibilit |       |       |       |       |       |       |     1 |     2 |       ||     3
Evoke: Wand              |     4 |     5 |    14 |     6 |    23 |       |       |       |     4 ||    56
       Lightning rod     |       |       |       |     6 |    14 |       |       |       |     4 ||    24
       Phial of floods   |       |       |       |       |     3 |       |     1 |       |       ||     4
       Tin of tremorston |       |       |       |       |     4 |     8 |    14 |     9 |     9 ||    44
       Condenser vane    |       |       |       |       |     3 |     6 |    10 |     7 |     9 ||    35
  Use: Scroll            |       |    10 |     2 |    10 |    11 |    11 |    10 |     5 |     4 ||    63
       Potion            |       |     3 |     2 |     6 |    10 |     7 |     1 |     4 |     3 ||    36
 Stab: Paralysed         |     6 |     3 |     9 |       |       |     1 |       |       |     2 ||    21
       Sleeping          |       |     6 |       |     1 |    12 |     1 |     1 |       |       ||    21
       Distracted        |       |       |     1 |       |       |       |       |       |       ||     1
       Invisible         |       |       |       |       |     6 |       |     1 |       |       ||     7
       Petrified         |       |       |       |       |       |     2 |       |       |       ||     2
       Confused          |       |       |       |       |       |     3 |     1 |       |       ||     4
Armor: Robe              |     1 |    95 |    36 |       |       |       |       |       |       ||   132
       Skin              |       |       |    40 |       |       |       |       |       |       ||    40
       Acid dragon scale |       |       |    24 |   198 |   255 |    20 |       |       |       ||   497
       Fire dragon scale |       |       |       |       |       |   396 |   644 |   432 |   351 ||  1823
Dodge: Dodged            |     8 |   212 |    94 |   221 |   496 |   517 |   760 |   589 |   427 ||  3324
Block: Other             |       |       |    24 |   203 |   388 |   353 |   181 |   124 |    84 ||  1357
       Reflection        |       |       |       |     8 |    22 |    28 |     3 |       |       ||    61

Table legend: (Time is in decaauts)
 A = Elapsed time spent in this place.
 B = Non-inter-level travel time spent in this place.
 C = Inter-level travel time spent in this place.
 D = Time resting spent in this place.
 E = Time spent auto-exploring this place.
 F = Levels seen in this place.
 G = Mean time per level.
                   A        B        C        D        E       F      G
               +--------+--------+--------+--------+--------+-----+--------+
         Total |  74897 |  70276 |   4621 |  20979 |  35916 |  52 | 1440.3 |
       Dungeon |  22104 |  20565 |   1539 |   4871 |  12274 |  15 | 1473.6 |
        Temple |    258 |    242 |     16 |     24 |    182 |   1 |  258.0 |
          Lair |   9998 |   9342 |    656 |   2296 |   5377 |   6 | 1666.3 |
         Swamp |   7556 |   7348 |    208 |   3278 |   2914 |   4 | 1889.0 |
   Spider Nest |   4571 |   4356 |    215 |   1329 |   2187 |   4 | 1142.8 |
    Slime Pits |      1 |      1 |      0 |      0 |      0 |   1 |    1.0 |
  Orcish Mines |   3751 |   3634 |    117 |   1773 |   1262 |   2 | 1875.5 |
   Elven Halls |   4475 |   4215 |    260 |   1506 |   1482 |   3 | 1491.7 |
        Vaults |   7701 |   7022 |    679 |    959 |   4688 |   4 | 1925.2 |
        Depths |  10420 |   9562 |    858 |   3158 |   4315 |   5 | 2084.0 |
           Zot |   3066 |   2995 |     71 |   1269 |   1162 |   2 | 1533.0 |
         Abyss |    281 |    281 |      0 |      0 |      0 |   4 |   70.2 |
      Ice Cave |    710 |    710 |      0 |    512 |     71 |   1 |  710.0 |
               +--------+--------+--------+--------+--------+-----+--------+

Top non-repeatable levels by time:
  Lair:6: 3123 daAuts
Depths:2: 3036 daAuts
   Elf:3: 2991 daAuts
   Orc:1: 2536 daAuts
 Swamp:3: 2444 daAuts
Vaults:1: 2406 daAuts
     D:8: 2164 daAuts
    D:14: 2113 daAuts
 Swamp:4: 2079 daAuts
    D:11: 2064 daAuts
Depths:3: 2037 daAuts
Spider:2: 1961 daAuts
    D:15: 1874 daAuts
Vaults:2: 1865 daAuts
Vaults:4: 1834 daAuts
